 Dungeon Crawl Stone Soup version 0.29-a0-529-gfa20dd96a1 (webtiles) character file.

Game seed: 7972410759999114440

14 rabbitsville the Insei (level 2, 0/23 HPs)
             Began as a Meteoran Transmuter on June 1, 2022.
             Slain by a gnoll
             ... wielding a +0 flail
              (10 damage)
             ... on level 2 of the Dungeon.
             The game lasted 00:06:17 (534 turns).

rabbitsville the Insei (Meteoran Transmuter)         Turns: 534, Time: 00:06:18

Health: 0/23       AC:  2    Str: 11    XL:     2   Next: 76%
Magic:  5/6        EV: 12    Int: 14    God:
Gold:   45         SH:  0    Dex: 14    Spells: 5/6 levels left

rFire   . . .      SeeInvis .     - Unarmed
rCold   . . .      Faith    .   (no shield)
rNeg    . . .      Spirit   .   a - +0 robe
rPois   .          Reflect  .   (helmet currently unavailable)
rElec   .          Harm     .   (no cloak)
rCorr   .          Rampage  .   (no gloves)
Will    .....                   (boots currently unavailable)
Stlth   +.........              (no amulet)
HPRegen 0.07/turn               (no ring)
MPRegen 0.10/turn               (no ring)

@: appendages, glowing, very slow
A: horns 2, talons 2, sense surroundings 1, otherworldly, glowing, explore regen
a: End Transformation


You were on level 2 of the Dungeon.
You had temporarily grown beastly horns and talons.
You visited 1 branch of the dungeon, and saw 2 of its levels.

You collected 45 gold pieces.

Inventory:

Armour
 a - a +0 robe (worn)
Scrolls
 c - a scroll of vulnerability {unknown}
 f - a scroll of identify {unknown}
Potions
 b - a potion of lignification
 d - a potion of heal wounds {unknown}
 e - a potion of degeneration {unknown}
 g - a potion of curing {unknown}
 h - a potion of mutation {unknown}


   Skills:
 - Level 1.1 Fighting
 - Level 2.4 Dodging
 * Level 4.0 Unarmed Combat
 + Level 2.9 Spellcasting
 * Level 3.0 Transmutations


You had 5 spell levels left.
You knew the following spells:

 Your Spells              Type           Power      Damage    Failure   Level
a - Beastly Appendage     Tmut           20%        N/A       6%          1

Your spell library contained the following spells:

 Spells                   Type           Power      Damage    Failure   Level
 Wereblood                Tmut           10%        N/A       10%         2
 Spider Form              Tmut/Pois      6%         N/A       34%         3
 Ice Form                 Ice/Tmut       6%         N/A       75%         4


Dungeon Overview and Level Annotations

Branches:
Dungeon (2/15)

Altars:
Cheibriados

Shops:
D:1 *


Innate Abilities, Weirdness & Mutations

You have temporarily grown beastly horns and talons.
You passively map a small area around you.
You are easily found by Zot.
You glow in the dark.
You regain HP and MP as you explore.


Message History

You open the door.
Found a faded altar of an unknown god.
There is an open door here.
There is a faded altar of an unknown god here.
You cannot tell which god this altar belongs to.
Convert to them anyway?
Cheibriados accepts your prayer! Cheibriados welcomes you!
Cheibriados begins to support your attributes as your movement slows.
Cheibriados is now slowing the effects of poison on you.
You can now bend time to slow others.
Cheibriados raises the support of your attributes as your movement slows.
Really renounce your faith, foregoing its fabulous benefits?
Are you sure?
Okay, then.
The flow of time bends around you.
Really renounce your faith, foregoing its fabulous benefits?
Uppercase [Y]es or [N]o only, please.
Really renounce your faith, foregoing its fabulous benefits?
Are you sure?
You have lost your religion!
Cheibriados does not appreciate desertion!
Cheibriados continues to slow your movements.
You have lingered too long.
Zot senses you.
Dive deeper or flee this branch before you suffer!
There is an open door here.
There is an open door here.
There is an open door here.
There is a stone staircase leading down here.
You climb downwards.
As you enter the new level, Zot loses track of you.
Found 11 gold pieces.
Found a stone staircase leading down.
There is a stone staircase leading up here. 3 gnolls come into view.
The gnoll shouts!
The gnoll misses you.
You grow a pair of large bovine horns.
Your feet morph into talons.
The gnoll hits you with a +0 flail!
Ouch! That really hurt!
You hit the gnoll but do no damage. Your headbutt misses the gnoll.
The gnoll hits you with a +0 flail!
You die...

#.# * #.#. , ,
#.., *
#####..*
#.....# ,
#.....########
* *#..<....>$.
,
###..########
#..@## **
**#...g.gg...
,
#...#########
#..#* #.# ##


You could see 3 gnolls.

Vanquished Creatures
  A dart slug (D:1)
  A bat (D:1)
  An endoplasm (D:1)
  A goblin (D:1)
  A hobgoblin (D:1)
  2 kobolds (D:1)
  2 ball pythons (D:1)
  2 rats (D:1)
11 creatures vanquished.

Notes
Turn   | Place    | Note
-------+----------+-------------------------------------------
     0 | D:1      | rabbitsville the Meteoran Transmuter began the quest for
                  | the Orb.
     0 | D:1      | Reached XP level 1. HP: 16/16 MP: 5/5
    71 | D:1      | Reached XP level 2. HP: 23/23 MP: 4/6
   135 | D:1      | Reached skill level 4 in Unarmed Combat
   183 | D:1      | Found Ypumiu Xaus's Assorted Antiques.
   488 | D:1      | Found a faded altar of an unknown god.
   491 | D:1      | Prayed at the altar of an unknown god.
   491 | D:1      | Became a worshipper of Cheibriados the Contemplative
   491 | D:1      | Reached * piety under Cheibriados
   493 | D:1      | Fell from the grace of Cheibriados
   494 | D:1      | Glimpsed the power of Zot.
   534 | D:2      | Slain by a gnoll

Illustrated notes

Levels and vault maps discovered:
D:1:      roderic_octagonal_star, layout_rooms, serial_rivers,
          chequers_serial_rivers_small_b, chequers_serial_rivers_micro_d,
          chequers_serial_rivers_small_3, chequers_serial_rivers_micro_c,
          shapermc_ecumenical_altar_mp_vishouse, serial_shops,
          nicolae_shop_overgrown_old_shop, minmay_misc_feat_rugged
D:2:      layout_rooms, minmay_misc_feat_secret_circle, minmay_misc_feat_plants

Skill      XL: |  1  2 |
---------------+-------+-----
Unarmed Combat | 4 |  4.0
Transmutations | 3 |  3.0
Fighting       | |  1.1
Dodging        | |  2.4
Spellcasting   | |  2.9

Action                   || total
-------------------------++-------
Melee: Unarmed           ||    25
       Headbutt          ||     5
       Kick              ||     4
       Punch             ||     1
 Cast: Beastly Appendage ||     7
Invok: Bend Time         ||     1
       Renounce Religion ||     1
Armor: Robe              ||     2
Dodge: Dodged            ||    11

Table legend: (Time is in decaauts)
 A = Elapsed time spent in this place.
 B = Non-inter-level travel time spent in this place.
 C = Inter-level travel time spent in this place.
 D = Time resting spent in this place.
 E = Time spent auto-exploring this place.
 F = Levels seen in this place.
 G = Mean time per level.
                   A        B        C        D        E       F      G
               +--------+--------+--------+--------+--------+-----+--------+
         Total |    553 |    553 |      0 |      0 |     66 |   2 |  276.5 |
       Dungeon |    553 |    553 |      0 |      0 |     66 |   2 |  276.5 |
               +--------+--------+--------+--------+--------+-----+--------+

Top non-repeatable levels by time:
     D:1: 549 daAuts
     D:2: 4 daAuts
